 Dungeon Crawl Stone Soup version 0.29-a0-341-g24ffce5b50 (webtiles) character file.

Game seed: 9586658509526249691

289 Agony the Ruffian (level 6, -3/55 HPs)
             Began as a Ghoul Monk on Apr 20, 2022.
             Splashed by a jelly's acid (7 damage)
             ... in a sewer.
             The game lasted 00:10:37 (3647 turns).

Agony the Ruffian (Ghoul Monk)                      Turns: 3647, Time: 00:10:38

Health: -3/55      AC: -1    Str: 17    XL:     6   Next: 31%
Magic:  5/5        EV: 12    Int:  5    God:
Gold:   166        SH:  0    Dex: 11    Spells: 5/5 levels left

rFire   . . .      SeeInvis .     - Unarmed
rCold   + . .      Faith    .   (no shield)
rNeg    + + +      Spirit   .   a - +0 robe
rPois   ∞          Reflect  .   (no helmet)
rElec   .          Harm     .   (no cloak)
rCorr   .          Rampage  .   (no gloves)
Will    .....                   (no boots)
Stlth   ++........              (no amulet)
HPRegen 0.00/turn               (no ring)
MPRegen 0.09/turn               (no ring)

@: corroded, inhibited regen
A: claws 1, cold resistance 1, negative energy resistance 3, inhibited
regeneration, torment resistance 2, devour on kill
a: no special abilities


You were in a sewer.
You visited 1 branch of the dungeon, and saw 4 of its levels.
You also visited: Sewer.

You collected 166 gold pieces.

Inventory:

Missiles
 m - 2 datura-tipped darts (quivered)
 n - a throwing net
Armour
 a - a +0 robe (worn)
 e - a +1 leather armour of fire resistance
Scrolls
 c - a scroll of identify
 j - 3 scrolls of enchant armour
 l - a scroll of noise {unknown}
Potions
 b - 2 potions of ambrosia
 d - a potion of curing {unknown}
 f - 2 potions of heal wounds
 g - 2 potions of cancellation {unknown}
 h - a potion of brilliance {unknown}
 i - 2 potions of mutation {unknown}
 k - a potion of degeneration {unknown}


   Skills:
 * Level 4.9 Fighting
 + Level 1.5 Armour
 + Level 3.4 Dodging
 + Level 3.4 Stealth
 * Level 5.0 Unarmed Combat


You had 5 spell levels left.
You didn't know any spells.
Your spell library contained the following spells:

 Spells                   Type           Power      Damage    Failure   Level
 Shock                    Conj/Air       0%         1d3       47%         1
 Dazzling Flash           Conj/Hex       0%         N/A       85%         3
 Swiftness                Air            0%         N/A       85%         3
 Airstrike                Air            0%         N/A       99%         4
 Animate Dead             Necr           0%         N/A       99%         4
 Agony                    Necr           0%         N/A       100%        5
 Borgnjor's Vile Clutch   Necr/Erth      0%         N/A       100%        5
 Silence                  Hex/Air        0%         N/A       100%        5
 Death Channel            Necr           0%         N/A       100%        6


Dungeon Overview and Level Annotations

Branches:
Dungeon (4/15)              Sewer (1/1)
 Temple: D:4-7

Altars:
Cheibriados
Uskayaw


Innate Abilities, Weirdness & Mutations

You are immune to poison.
You have sharp fingernails.
Your flesh is cold resistant. (rC+)
You are immune to negative energy. (rN+++)
You do not regenerate when monsters are visible.
You are immune to unholy pain and torment.
You thrive by killing the living.


Message History

The giant cockroach is almost dead.
The giant cockroach bites you.
You scratch the giant cockroach but do no damage.
You claw the giant cockroach, but do no damage.
The giant cockroach is almost dead.
The giant cockroach barely misses you.
The endoplasm splashes around in the water.
You scratch the giant cockroach but do no damage.
The giant cockroach is almost dead.
The giant cockroach bites you but does no damage.
The endoplasm hits you but does no damage.
You scratch the giant cockroach but do no damage.
The giant cockroach is almost dead.
The giant cockroach bites you. The endoplasm misses you.
You claw the giant cockroach!
You kill the giant cockroach!
The jelly hits you.
You are splashed with acid!
The endoplasm freezes you.
You are frozen.
You resist.
You claw the jelly! The acid corrodes you!
Your claws burn!
The jelly is severely wounded.
The jelly hits you.
You are splashed with acid!
You scratch the jelly.
Your claws burn!
The jelly is almost dead.
The endoplasm freezes you.
You are frozen.
You resist. The jelly hits you.
You are splashed with acid!
* * * LOW HITPOINT WARNING * * *
You enter the shallow water.
Moving in this stuff is going to be slow.
The jelly hits you.
* * * LOW HITPOINT WARNING * * *
You are splashed with acid.
* * * LOW HITPOINT WARNING * * *
You enter the shallow water.
Moving in this stuff is going to be slow.
The endoplasm attacks as you move away! The endoplasm misses you.
The jelly attacks as you move away! The jelly hits you.
* * * LOW HITPOINT WARNING * * *
You are splashed with acid!
You die...

.≈# ##≈..### ###≈ ...#
##.≈≈## ## #≈..###≈†≈≈# #
#≈...≈≈.≈## #
###≈....≈#### ###########
#≈≈...≈≈##.≈## #≈.....≈≈≈.
..≈.≈.≈≈##.≈≈###..†.......
≈....#...##≈.≈##..########
##..≈##..@##..##..# #.≈≈.
##≈J.≈†.##≈≈# #≈.#
#≈.J.≈###≈.######## #..#
##≈≈#### #.≈....≈...
#.≈≈###≈.≈# #≈..≈.≈.≈..
#∩..≈.≈.≈# ###########
##.≈...≈## ####≈≈## #≈.#


You could see a jelly and an endoplasm.

Vanquished Creatures
  A hound (D:4)
  Jessica (D:2)
  Terence (D:2)
  An iguana (D:3)
  7 adders
  3 river rats
  2 worms
  5 dart slugs
  3 orcs (D:3)
  7 ball pythons
  6 bats
  8 endoplasms
  6 giant cockroaches
  4 goblins
  3 hobgoblins
  4 jackals
  5 quokkas
  8 frilled lizards
  3 kobolds (D:1)
  3 rats
81 creatures vanquished.

Vanquished Creatures (others)
  A plant (D:1)
1 creature vanquished.

Grand Total: 82 creatures vanquished

Notes
Turn   | Place    | Note
-------+----------+-------------------------------------------
     0 | D:1      | Agony the Ghoul Monk began the quest for the Orb.
     0 | D:1      | Reached XP level 1. HP: 19/19 MP: 0/0
   207 | D:1      | Reached XP level 2. HP: 26/26 MP: 1/1
   700 | D:1      | Reached XP level 3. HP: 33/33 MP: 2/2
  1424 | D:2      | Reached skill level 4 in Unarmed Combat
  1564 | D:2      | Noticed Terence
  1569 | D:2      | Noticed Jessica
  1602 | D:1      | Reached XP level 4. HP: 16/40 MP: 3/3
  1929 | D:2      | Killed Terence
  2063 | D:2      | Killed Jessica
  2363 | D:3      | Reached skill level 1 in Armour
  2363 | D:3      | Reached XP level 5. HP: 47/47 MP: 4/4
  2612 | D:3      | Found a hide-covered altar of Uskayaw.
  2760 | D:3      | Found a snail-covered altar of Cheibriados.
  3258 | D:4      | Reached XP level 6. HP: 45/53 MP: 5/5
  3278 | D:4      | Found a glowing drain.
  3282 | Sewer    | Entered a sewer
  3608 | Sewer    | Reached skill level 5 in Unarmed Combat
  3628 | Sewer    | Found a viscous altar of Jiyva.
  3647 | Sewer    | Splashed by a jelly's acid

Illustrated notes

Levels and vault maps discovered:
D:1:      kennysheep_arrival_seaside, layout_basic,
          chequers_serial_rivers_small_b, columned_hall_lemuel
D:2:      layout_rooms, minmay_misc_feat_x, uniq_jessica, uniq_terence
D:3:      layout_rooms, mainiacjoe_overflow_alcove_4, kennysheep_slug_shrine
D:4:      layout_basic, gup_sewer_entry_bowl, kennysheep_potato, uniq_natasha
Sewer:    sewer_hellmonk_slimy_pipes

Skill      XL: |  1  2  3  4  5  6 |
---------------+-------------------+-----
Unarmed Combat | 4 5 |  5.0
Fighting       | 4 |  4.9
Dodging        | 3 |  3.4
Stealth        | 3 |  3.4
Armour         | 1 |  1.5

Action                   |  1- 3 |  4- 6 || total
-------------------------+-------+-------++-------
Melee: Unarmed           |   103 |   165 ||   268
       Punch             |     2 |     4 ||     6
  Use: Scroll            |     2 |     5 ||     7
 Stab: Sleeping          |     6 |     4 ||    10
Armor: Robe              |    20 |    17 ||    37
Dodge: Dodged            |    94 |    82 ||   176

Table legend: (Time is in decaauts)
 A = Elapsed time spent in this place.
 B = Non-inter-level travel time spent in this place.
 C = Inter-level travel time spent in this place.
 D = Time resting spent in this place.
 E = Time spent auto-exploring this place.
 F = Levels seen in this place.
 G = Mean time per level.
                   A        B        C        D        E       F      G
               +--------+--------+--------+--------+--------+-----+--------+
         Total |   3658 |   3542 |    116 |    805 |   1629 |   5 |  731.6 |
       Dungeon |   3286 |   3170 |    116 |    643 |   1629 |   4 |  821.5 |
         Sewer |    371 |    371 |      0 |    162 |      0 |   1 |  371.0 |
               +--------+--------+--------+--------+--------+-----+--------+

Top non-repeatable levels by time:
     D:1: 1535 daAuts
     D:2: 852 daAuts
     D:3: 810 daAuts
   Sewer: 371 daAuts
     D:4: 88 daAuts
